 Dungeon Crawl Stone Soup version 0.22.0-5-gf09313c (webtiles) character file.

287 mopl the Ruffian (level 6, -2/59 HPs)
             Began as a Troll Chaos Knight on Aug 13, 2018.
             Slain by Sigmund
             ... wielding a +0 scythe
              (6 damage)
             ... on level 3 of the Dungeon.
             The game lasted 00:02:31 (1500 turns).

mopl the Ruffian (Troll Chaos Knight)               Turns: 1500, Time: 00:02:32

Health: -2/59      AC:  7    Str: 21    XL:     6   Next: 8%
Magic:  5/5        EV: 15    Int:  8    God:    Xom [....*.]
Gold:   124        SH:  0    Dex: 16    Spells: 5/5 levels left

rFire    . . .     SeeInvis .     - Unarmed
rCold    . . .     Gourm    +   (no shield)
rNeg     . . .     Faith    .   a - +2 robe
rPois    .         Spirit   .   (helmet restricted)
rElec    .         Reflect  .   (no cloak)
rCorr    .         Harm     .   (gloves unavailable)
MR       .....                  (boots unavailable)
Stlth    ++........             (no amulet)
HPRegen  0.59/turn              (no ring)
MPRegen  0.09/turn              (no ring)

@: agile
A: large, unfitting armour, claws 3, fast metabolism 3, gourmand, regeneration
1, shaggy fur 1, tough skin 2
a: Renounce Religion


You were on level 3 of the Dungeon.
You worshipped Xom.
You were a beloved toy of Xom.
You were completely stuffed.

You visited 1 branch of the dungeon, and saw 3 of its levels.

You collected 124 gold pieces.

Inventory:

Armour
 a - a +2 robe (worn)
Scrolls
 c - 3 scrolls of remove curse {unknown}
 d - a scroll of identify {unknown}
 e - a scroll of blinking {unknown}
 h - a scroll of enchant weapon {unknown}
Potions
 g - a potion of agility
Comestibles
 b - 5 rations
 i - a chunk of flesh


   Skills:
 - Level 2.4 Fighting
 - Level 1.9 Dodging
 + Level 6.9 Unarmed Combat


You had 5 spell levels left.
You didn't know any spells.
Your spell library was empty.

Dungeon Overview and Level Annotations

Branches:
Dungeon (3/15)

Altars:
Sif Muna

Annotations:
D:3 Sigmund


Innate Abilities, Weirdness & Mutations

You are too large for most types of armour.
You have claws for hands.
Your metabolism is lightning-fast.
You like to eat raw meat.
Your natural rate of healing is unusually fast.
You are covered in fur. (AC +1)
You have very tough skin. (AC +2)


Message History

You kill the bat!
Something barely misses you. The jackal misses you. Something hits you!
* * * LOW HITPOINT WARNING * * *
You miss something.
The jackal bites you but does no damage.
The jackal barely misses you.
Unknown command.
You scratch something.
The jackal bites you but does no damage.
Something hits you but does no damage.
Unknown command.
You miss something. Your claw misses something. The jackal closely misses you.
Unknown command.
You closely miss something. The jackal completely misses you.
Something hits you.
* * * LOW HITPOINT WARNING * * *
Unknown command.
You mangle something!! The jackal barely misses you. Something hits you.
You die...

####### ##......#
##........ ####
#......... .....
#.........
....§§#####<........
.....olh@{..........
.....§#####.........
(.... ##).......
.#.# #........ #
......... .........
#.....!...
#.........
#.........


You could see an orc, a jackal and a frilled lizard.

Vanquished Creatures
  A phantom (D:2)
  A centaur (D:2)
  5 adders (D:2)
  2 dart slugs (D:1)
  2 worms
  3 leopard geckos
  An orc (D:3)
  7 bats
  2 giant cockroaches (D:1)
  7 goblins
  6 hobgoblins
  9 jackals
  A frilled lizard (D:1)
  2 kobolds
  11 rats
60 creatures vanquished.

Notes
Turn   | Place    | Note
-------+----------+-------------------------------------------
     0 | D:1      | mopl the Troll Chaos Knight began the quest for the Orb.
     0 | D:1      | Reached XP level 1. HP: 22/22 MP: 0/0
    68 | D:1      | XOM: silly message
    84 | D:1      | Reached XP level 2. HP: 26/29 MP: 1/1
   130 | D:1      | Reached skill level 4 in Unarmed Combat
   235 | D:1      | Reached XP level 3. HP: 36/36 MP: 2/2
   727 | D:2      | Noticed a centaur
   739 | D:2      | Killed a centaur
   739 | D:2      | Reached skill level 5 in Unarmed Combat
   739 | D:2      | Reached XP level 4. HP: 30/44 MP: 3/3
   768 | D:2      | XOM: silly message
   807 | D:2      | Reached XP level 5. HP: 46/50 MP: 4/4
  1091 | D:2      | Noticed a phantom
  1104 | D:2      | Reached skill level 6 in Unarmed Combat
  1129 | D:2      | XOM: confuse monster(s)
  1133 | D:2      | Killed a phantom
  1217 | D:2      | Reached XP level 6. HP: 58/59 MP: 5/5
  1388 | D:2      | Found a deep blue altar of Sif Muna.
  1430 | D:2      | XOM: cloud trail
  1465 | D:3      | Noticed Sigmund
  1492 | D:3      | XOM: smoke on damage
  1500 | D:3      | Slain by Sigmund

Skill      XL: |  1  2  3  4  5 |
---------------+----------------+-----
Unarmed Combat | 4 5 6 |  6.9
Fighting       | |  2.4
Dodging        | |  1.9

Action                   |  1- 3 |  4- 6 || total
-------------------------+-------+-------++-------
Melee: Unarmed           |    71 |    86 ||   157
       Punch             |     1 |     1 ||     2
  Use: Potion            |       |     2 ||     2
 Stab: Sleeping          |       |     1 ||     1
  Eat: Chunk             |    11 |     8 ||    19
Armor: Robe              |    28 |    34 ||    62
Dodge: Dodged            |    48 |    49 ||    97
